 Dungeon Crawl Stone Soup version 0.17-a0-1393-gcb420ff (webtiles) character file.

28 Umineko the Grasshopper (level 3, -1/30 HPs)
             Began as a Draconian Warper on June 16, 2015.
             Was an Initiate of Nemelex Xobeh.
             Slain by a big kobold
             ... wielding a +0 short sword
              (6 damage)
             ... in a sewer.
             The game lasted 00:07:21 (1256 turns).

Umineko the Grasshopper (Draconian Warper)          Turns: 1256, Time: 00:07:21

Health: -1/30      AC:  5    Str: 17    XL:     3   Next: 0%
Magic:  6/6        EV: 12    Int: 13    God:    Nemelex Xobeh [......]
Gold:   48         SH:  0    Dex: 10    Spells: 1 memorised, 5 levels left

rFire  . . .     SeeInvis .     a - +0 spear
rCold  . . .     Clarity  .     (armour unavailable)
rNeg   . . .     SustAt   .     (no shield)
rPois  .         Gourm    .     (helmet restricted)
rElec  .         Spirit   .     (no cloak)
rCorr  .         Warding  .     (no gloves)
rMut   .         Stasis   .     (no boots)
MR     .....                    (no amulet)
Stlth  +.........               (no ring)
                                j - +3 ring of strength

@: lethally poisoned (-1 -> -7), slowed, very slow, not resistant to hostile
enchantments, very unstealthy
A: unfitting armour, cold-blooded, AC +5
a: Renounce Religion


You were in a sewer.
You worshipped Nemelex Xobeh.
Nemelex Xobeh was noncommittal.
You were not hungry.

You visited 1 branch of the dungeon, and saw 3 of its levels.
You also visited: Sewer.

You collected 48 gold pieces.

Inventory:

Hand weapons
 a - a +0 spear (weapon)
Armour
 g - a +0 robe
Jewellery
 j - a +3 ring of strength (left hand)
Scrolls
 c - a scroll of blinking
 l - a scroll of identify {unknown}
Potions
 f - a potion of agility {unknown}
 h - a potion of cancellation {unknown}
 k - a potion of ambrosia {unknown}
Books
 b - a book of Spatial Translocations

   Spells                             Type                      Level
   a - Apportation                    Translocation                1
   b - Blink                          Translocation                2
   c - Shroud of Golubria             Charms/Translocation         2
   d - Portal Projectile              Translocation                3
   e - Teleport Other                 Translocation                3
   f - Passage of Golubria            Translocation                4
Miscellaneous
 i - a plain deck of destruction {drawn: 1}


   Skills:
 + Level 2.5 Fighting
 + Level 2.2 Polearms
 + Level 1.1 Throwing
 - Level 2.4 Dodging
 + Level 2.2 Spellcasting
 + Level 3.3 Translocations


You had 5 spell levels left.
You knew the following spells:

 Your Spells              Type           Power        Failure   Level  Hunger
a - Apportation           Tloc           ##........   10%         1    ##.....


Dungeon Overview and Level Annotations

Branches:
Dungeon (3/15)

Altars:
Cheibriados
Nemelex Xobeh


Innate Abilities, Weirdness & Mutations

Your plain brown scales are hard (AC +5).
Your body does not fit into most forms of armour.
You are cold-blooded and may be slowed by cold attacks.


Message History

You hear a splash.
You see here a curare-tipped needle.
Unknown command.
You feel sick.
The kobold throws a stone.
The stone misses you.
The big kobold throws a stone.
The stone hits you.
You hear a splash.
Things that are here:
a stone; a rat corpse
* * * LOW HITPOINT WARNING * * *
You feel very sick. Why would you want to do that?
Your unstable footing causes you to fumble your attack.
The big kobold hits you with a short sword.
* * * LOW HITPOINT WARNING * * *
Your unstable footing causes you to fumble your attack.
* * * LOW HITPOINT WARNING * * *
You feel sick.
The big kobold hits you with a short sword.
You die...
Your body disappears without a glow.

#.....##
.≈≈≈≈≈#......#
≈≈≈≈≈≈#....P.#
≈≈≈≈≈#.....P#
#≈≈≈#...P..#
#≈≈≈#≈≈....#
#≈≈≈#P≈...#
#≈≈≈†(P...##
#≈≈@KK(..(.#
#≈≈≈#KK..###
#≈≈≈#....#
#≈≈≈##''##
#≈≈≈#....#
#≈≈≈#..!!#
#≈≈≈#.∩!.#
#≈≈≈#?...#
#≈≈≈######


You could see a big kobold and 3 kobolds.

Vanquished Creatures
  A river rat (D:3)
  A bat (D:1)
  A giant cockroach (D:3)
  2 hobgoblins
  A giant newt (Sewer)
  3 goblins
  4 jackals (D:2)
  2 kobolds
  7 rats
22 creatures vanquished.

Vanquished Creatures (others)
  A bat (D:3)
1 creature vanquished.

Grand Total: 23 creatures vanquished

Notes
Turn   | Place    | Note
--------------------------------------------------------------
     0 | D:1      | Umineko the Draconian Warper began the quest for the Orb.
     0 | D:1      | Reached XP level 1. HP: 17/17 MP: 3/3
   504 | D:2      | Found a sparkling altar of Nemelex Xobeh.
   508 | D:2      | Became a worshipper of Nemelex Xobeh the Trickster
   578 | D:2      | Received a gift from Nemelex Xobeh
   582 | D:2      | Reached XP level 2. HP: 21/24 MP: 5/5
   596 | D:2      | Found a snail-covered altar of Cheibriados.
   888 | D:3      | Reached skill level 1 in Throwing
   910 | D:3      | Found a glowing drain.
  1016 | Sewer    | Entered a sewer
  1211 | Sewer    | Reached XP level 3. HP: 26/30 MP: 6/6
  1247 | Sewer    | Noticed a big kobold
  1256 | Sewer    | Slain by a big kobold

Vault maps used:
D:1:      erik_arrival_orb_chamber
D:2:      wad_woods_stonehenge, cheibriados_altar_1, first_bread,
          nemelex_diamond_rough_becter
D:3:      kennysheep_the_goblin_king, portal_sewer_entry_b,
          nicolae_qazlal_eye_of_the_storm
Sewer:    kennysheep_pipe_town

Action                   || total
-------------------------++-------
Melee: Spear             ||   106
Throw: Tomahawk          ||     5
Evoke: Deck              ||     1
  Use: Scroll            ||     3
  Eat: Bread ration      ||     1
